APP
DANVILLE BRAVES @ KINGSPORT METS
06/30/2046
 
TOP OF THE 1ST
Danville Braves batting - Pitching for Kingsport Mets : RHP Raymundo Pato
Pitching: RHP Raymundo Pato
Batting: RHB Richard Saquic 0-0: Called Strike
0-1: Ball
1-1: Ground out 6-3 (Groundball, 6M, EV 93.1 MPH)
Batting: RHB Gebre-Giorgios Wangondu 0-0: Called Strike
0-1: Foul Ball, location: 2F
0-2: Foul Ball, location: 2F
0-2: SINGLE (Groundball, 5S, EV 71.9 MPH) (infield hit)
Batting: LHB Tamaichi Sasada 0-0: DOUBLE (Flyball, 89D, EV 95.0 MPH)
Gebre-Giorgios Wangondu to third
Runner from 3rd tries for Home, SAFE, no throw by CF
Batting: LHB Art D'Ascenzo 0-0: Foul Ball, location: 2F
0-1: Ball
1-1: SINGLE (Groundball, 6MD, EV 95.0 MPH)
Tamaichi Sasada to third
Batting: RHB Dave Pizarro 0-0: Fielders Choice at 2nd, 6-4 (Groundball, 6, EV 83.8 MPH)
Tamaichi Sasada scores
Batting: RHB Tony Cabrera 0-0: Called Strike
0-1: Ball
Dave Pizarro is caught stealing 2nd base 2-4
Top of the 1st over - 2 runs, 3 hits, 0 errors, 0 left on base; Danville 2 - Kingsport 0
BOTTOM OF THE 1ST
Kingsport Mets batting - Pitching for Danville Braves : RHP Chris Hawkins
Pitching: RHP Chris Hawkins
Batting: SHB Tyler Maddux 0-0: Fly out, F8 (Flyball, 8LD, EV 95.0 MPH)
Batting: RHB Andy Carrell 0-0: Ball
1-0: Foul Ball, location: 2F
1-1: Ground out 6-3 (Groundball, 6MD, EV 77.5 MPH)
Batting: LHB Dan Bremseth 0-0: Foul Ball, location: 2F
0-1: Swinging Strike
0-2: Ball
1-2: Hit by Pitch
Batting: LHB Miguel Ramos 0-0: Ball
1-0: Ball
2-0: Foul Ball, location: 2F
2-1: Ball
3-1: Called Strike
Dan Bremseth steals 2nd base
3-2: SINGLE (Groundball, 34D, EV 100.6 MPH)
Dan Bremseth to third
Runner from 3rd tries for Home, SAFE, throw by RF to home
Batting: SHB Nick Daigle 0-0: Ball
1-0: Called Strike
1-1: Ball
2-1: Foul Ball, location: 2F
2-2: Foul Ball, location: 2F
2-2: Ball
3-2: Base on Balls
Miguel Ramos to second
Batting: LHB Matt Baker 0-0: Ground out 4-3 (Groundball, 4, EV 91.9 MPH)
Bottom of the 1st over - 1 run, 1 hit, 0 errors, 2 left on base; Danville 2 - Kingsport 1
TOP OF THE 2ND
Danville Braves batting - Pitching for Kingsport Mets : RHP Raymundo Pato
Batting: RHB Tony Cabrera 0-0: DOUBLE (Line Drive, 7LD, EV 101.2 MPH)
Batting: RHB Vicente Guillen 0-0: Called Strike
0-1: Called Strike
0-2: Strikes out looking
Batting: RHB Tetsuro Sato 0-0: Ball
Passed Ball!
Tony Cabrera to third
1-0: Foul Ball, location: 2F
1-1: Ball
2-1: Called Strike
2-2: Strikes out swinging
Batting: RHB Rodolfo Cosme 0-0: Fly out, F9 (Flyball, 89S, EV 81.9 MPH)
Top of the 2nd over - 0 runs, 1 hit, 0 errors, 1 left on base; Danville 2 - Kingsport 1
BOTTOM OF THE 2ND
Kingsport Mets batting - Pitching for Danville Braves : RHP Chris Hawkins
Batting: RHB Chris Graham 0-0: Ball
1-0: Called Strike
1-1: Foul Ball, location: 2F
1-2: Ball
2-2: Foul Ball, location: 2F
2-2: Strikes out swinging
Batting: RHB Roberto Delgado 0-0: Ball
1-0: Foul Ball, location: 2F
1-1: Swinging Strike
1-2: Strikes out swinging
Batting: LHB Jeremy Moorehead 0-0: Called Strike
0-1: Fly out, F7 (Line Drive, 78D, EV 90.6 MPH)
Bottom of the 2nd over - 0 runs, 0 hits, 0 errors, 0 left on base; Danville 2 - Kingsport 1
TOP OF THE 3RD
Danville Braves batting - Pitching for Kingsport Mets : RHP Raymundo Pato
Batting: RHB Richard Saquic 0-0: Foul Ball, location: 2F
0-1: Ball
1-1: Called Strike
1-2: Ball
2-2: Foul Ball, location: 2F
2-2: Ground out 5-3 (Groundball, 5S, EV 93.1 MPH)
Batting: RHB Gebre-Giorgios Wangondu 0-0: Swinging Strike
0-1: SINGLE (Groundball, 4S, EV 71.9 MPH) (infield hit)
Batting: LHB Tamaichi Sasada 0-0: Ball
1-0: Grounds into double play, 4-6-3 (Groundball, 4, EV 110.6 MPH)
Top of the 3rd over - 0 runs, 1 hit, 0 errors, 0 left on base; Danville 2 - Kingsport 1
BOTTOM OF THE 3RD
Kingsport Mets batting - Pitching for Danville Braves : RHP Chris Hawkins
Batting: SHB Tyler Maddux 0-0: Foul Ball, location: 2F
0-1: Called Strike
0-2: Ball
1-2: Strikes out swinging
Batting: RHB Andy Carrell 0-0: Called Strike
0-1: Ball
1-1: Ball
2-1: Swinging Strike
2-2: Strikes out swinging
Batting: LHB Dan Bremseth 0-0: Ground out 3-1 (Groundball, 34D, EV 101.2 MPH)
Bottom of the 3rd over - 0 runs, 0 hits, 0 errors, 0 left on base; Danville 2 - Kingsport 1
TOP OF THE 4TH
Danville Braves batting - Pitching for Kingsport Mets : RHP Raymundo Pato
Batting: LHB Art D'Ascenzo 0-0: Called Strike
0-1: Ball
1-1: Ball
2-1: SOLO HOME RUN (Flyball, 9D, EV 98.8 MPH), Distance : 373 ft
Batting: RHB Dave Pizarro 0-0: Foul Ball, location: 2F
0-1: SINGLE (Groundball, 5L, EV 102.5 MPH) (infield hit)
Batting: RHB Tony Cabrera 0-0: Ball
1-0: Foul Ball, location: 2F
1-1: Ball
Dave Pizarro is caught stealing 2nd base 2-4
2-1: Ball
3-1: Swinging Strike
3-2: Base on Balls
Batting: RHB Vicente Guillen 0-0: Foul Ball, location: 2F
0-1: Ball
1-1: Ball
Passed Ball!
Tony Cabrera to second
2-1: Called Strike
2-2: Strikes out swinging, 2-3 out at first.
Batting: RHB Tetsuro Sato 0-0: Called Strike
0-1: Fly out, F8 (Flyball, 8RD, EV 95.6 MPH)
Top of the 4th over - 1 run, 2 hits, 0 errors, 1 left on base; Danville 3 - Kingsport 1
BOTTOM OF THE 4TH
Kingsport Mets batting - Pitching for Danville Braves : RHP Chris Hawkins
Batting: LHB Miguel Ramos 0-0: Ball
1-0: Ball
2-0: Foul Ball, location: 2F
2-1: SOLO HOME RUN (Flyball, 9LD, EV 95.6 MPH), Distance : 346 ft
Batting: SHB Nick Daigle 0-0: Ball
1-0: Ball
2-0: Foul Ball, location: 2F
2-1: Ball
3-1: Ground out 5-3 (Groundball, 56S, EV 83.1 MPH)
Batting: LHB Matt Baker 0-0: Ball
1-0: Ball
2-0: Swinging Strike
2-1: Foul Ball, location: 2F
2-2: Foul Ball, location: 2F
2-2: Strikes out swinging
Batting: RHB Chris Graham 0-0: Ball
1-0: Ball
2-0: Ball
3-0: Called Strike
3-1: Called Strike
3-2: Ground out 4-3 (Groundball, 4, EV 87.5 MPH)
Bottom of the 4th over - 1 run, 1 hit, 0 errors, 0 left on base; Danville 3 - Kingsport 2
TOP OF THE 5TH
Danville Braves batting - Pitching for Kingsport Mets : RHP Raymundo Pato
Batting: RHB Rodolfo Cosme 0-0: Swinging Strike
0-1: Ball
1-1: SOLO HOME RUN (Flyball, 7LD, EV 96.9 MPH), Distance : 337 ft
Batting: RHB Richard Saquic 0-0: Ball
1-0: Called Strike
1-1: Called Strike
1-2: Strikes out swinging
Batting: RHB Gebre-Giorgios Wangondu 0-0: Ball
1-0: Foul Ball, location: 2F
1-1: Foul Ball, location: 2F
1-2: Ground out 3-1 (Groundball, 34S, EV 88.8 MPH)
Batting: LHB Tamaichi Sasada 0-0: Ball
1-0: Ball
2-0: Ball
3-0: Called Strike
3-1: Called Strike
3-2: Base on Balls
Batting: LHB Art D'Ascenzo 0-0: Swinging Strike
0-1: Foul Ball, location: 2F
0-2: Ball
Passed Ball!
Tamaichi Sasada to second
1-2: Ball
2-2: Foul Ball, location: 2F
2-2: Ball
Wild Pitch!
Tamaichi Sasada to third
3-2: Foul Ball, location: 2F
3-2: Foul Ball, location: 2F
3-2: Base on Balls
Batting: RHB Dave Pizarro 0-0: Fielders Choice at 2nd, 6-4 (Groundball, 6, EV 86.2 MPH)
Top of the 5th over - 1 run, 1 hit, 0 errors, 2 left on base; Danville 4 - Kingsport 2
BOTTOM OF THE 5TH
Kingsport Mets batting - Pitching for Danville Braves : RHP Chris Hawkins
Batting: RHB Roberto Delgado 0-0: Foul Ball, location: 2F
0-1: Called Strike
0-2: Strikes out swinging
Batting: LHB Jeremy Moorehead 0-0: Ball
1-0: Ball
2-0: SINGLE (Line Drive, 56, EV 100.0 MPH)
Batting: SHB Tyler Maddux 0-0: Ball
1-0: Ball
2-0: Ball
3-0: Base on Balls
Jeremy Moorehead to second
Batting: RHB Andy Carrell 0-0: Ball
1-0: Swinging Strike
1-1: Fielders Choice at 2nd, 6-4 (Groundball, 6, EV 88.8 MPH)
Jeremy Moorehead to third
Pitching: RHP Jeremy Armstrong
Batting: LHB Dan Bremseth 0-0: Ball
1-0: Ball
2-0: Called Strike
2-1: Ball
3-1: Swinging Strike
3-2: Strikes out swinging
Bottom of the 5th over - 0 runs, 1 hit, 0 errors, 2 left on base; Danville 4 - Kingsport 2
TOP OF THE 6TH
Danville Braves batting - Pitching for Kingsport Mets : RHP Raymundo Pato
Batting: RHB Tony Cabrera 0-0: Ball
1-0: Ball
2-0: Foul Ball, location: 2F
2-1: Ball
3-1: Base on Balls
Batting: RHB Vicente Guillen 0-0: Called Strike
0-1: Grounds into double play, 6-4-3 (Groundball, 6M, EV 83.8 MPH)
Batting: RHB Tetsuro Sato 0-0: Swinging Strike
0-1: Ball
1-1: Foul Ball, location: 2F
1-2: Strikes out swinging
Top of the 6th over - 0 runs, 0 hits, 0 errors, 0 left on base; Danville 4 - Kingsport 2
BOTTOM OF THE 6TH
Kingsport Mets batting - Pitching for Danville Braves : RHP Jeremy Armstrong
Batting: LHB Miguel Ramos 0-0: Ball
1-0: Called Strike
1-1: Ball
2-1: Foul Ball, location: 2F
2-2: Foul Ball, location: 2F
2-2: Strikes out swinging
Batting: SHB Nick Daigle 0-0: Ball
1-0: Ball
2-0: Called Strike
2-1: Foul Ball, location: 2F
2-2: Strikes out swinging, 2-3 out at first.
Batting: LHB Matt Baker 0-0: Called Strike
0-1: Ball
1-1: Foul Ball, location: 2F
1-2: Strikes out swinging
Bottom of the 6th over - 0 runs, 0 hits, 0 errors, 0 left on base; Danville 4 - Kingsport 2
TOP OF THE 7TH
Danville Braves batting - Pitching for Kingsport Mets : RHP Raymundo Pato
Batting: RHB Rodolfo Cosme 0-0: Swinging Strike
0-1: Ball
1-1: Ball
2-1: Foul Ball, location: 2F
2-2: Ball
3-2: Strikes out swinging
Batting: RHB Richard Saquic 0-0: SINGLE (Groundball, 56S, EV 66.9 MPH) (infield hit)
Batting: RHB Gebre-Giorgios Wangondu 0-0: Ball
1-0: Called Strike
1-1: 2-RUN HOME RUN (Flyball, 7D, EV 96.2 MPH), Distance : 385 ft
Pitching: RHP Jose Herrera
Batting: LHB Tamaichi Sasada 0-0: Ball
1-0: Foul Ball, location: 2F
1-1: Ball
2-1: Ground out 4-3 (Groundball, 4, EV 89.4 MPH)
Batting: LHB Art D'Ascenzo 0-0: Ball
1-0: Ball
2-0: Foul Ball, location: 2F
2-1: Foul Ball, location: 2F
2-2: Ball
3-2: Base on Balls
Batting: RHB Dave Pizarro 0-0: Called Strike
0-1: Foul Ball, location: 2F
0-2: Strikes out swinging
Top of the 7th over - 2 runs, 2 hits, 0 errors, 1 left on base; Danville 6 - Kingsport 2
BOTTOM OF THE 7TH
Kingsport Mets batting - Pitching for Danville Braves : RHP Jeremy Armstrong
Pitching: LHP Tyler Portier
Batting: RHB Chris Graham 0-0: Called Strike
0-1: Swinging Strike
0-2: Ball
1-2: Ball
2-2: Foul Ball, location: 2F
2-2: Ball
3-2: Base on Balls
Batting: RHB Roberto Delgado 0-0: Ball
1-0: Foul Ball, location: 2F
1-1: Ball
2-1: Ball
3-1: Fly out, F7 (Flyball, 78D, EV 108.1 MPH)
Batting: LHB Jeremy Moorehead 0-0: Ball
1-0: Ball
2-0: SINGLE (Line Drive, 6MD, EV 96.2 MPH)
Chris Graham to second
Batting: SHB Tyler Maddux 0-0: Ball
Wild Pitch!
Chris Graham to third
Jeremy Moorehead to second
1-0: Swinging Strike
1-1: Ball
2-1: Foul Ball, location: 2F
2-2: Ball
3-2: Strikes out swinging
Batting: RHB Andy Carrell 0-0: SINGLE (Groundball, 56D, EV 109.4 MPH)
Chris Graham scores
Jeremy Moorehead to third
Runner from 3rd tries for Home, SAFE, throw by LF to home
Batting: LHB Dan Bremseth 0-0: Foul Ball, location: 2F
0-1: Foul Ball, location: 2F
0-2: Ball
1-2: Ball
2-2: Ball
3-2: Strikes out looking
Bottom of the 7th over - 2 runs, 2 hits, 0 errors, 1 left on base; Danville 6 - Kingsport 4
TOP OF THE 8TH
Danville Braves batting - Pitching for Kingsport Mets : RHP Jose Herrera
Pitching: RHP Antonio Reyes
Batting: RHB Tony Cabrera 0-0: Ball
1-0: Ball
2-0: Foul Ball, location: 2F
2-1: Ball
3-1: Base on Balls
Batting: RHB Vicente Guillen 0-0: Swinging Strike
0-1: Called Strike
0-2: Foul Ball, location: 2F
0-2: Ball
1-2: Foul Ball, location: 2F
1-2: Strikes out swinging
Batting: RHB Tetsuro Sato 0-0: Ball
Tony Cabrera steals 2nd base
1-0: Ball
2-0: Foul Ball, location: 2F
2-1: Ball
3-1: Base on Balls
Batting: RHB Rodolfo Cosme 0-0: Ball
Wild Pitch!
Tony Cabrera to third
Tetsuro Sato to second
1-0: Fly out, F9 (Line Drive, 9, EV 95.0 MPH)
Batting: RHB Richard Saquic 0-0: Ball
1-0: Called Strike
1-1: Swinging Strike
1-2: Strikes out swinging
Top of the 8th over - 0 runs, 0 hits, 0 errors, 2 left on base; Danville 6 - Kingsport 4
BOTTOM OF THE 8TH
Kingsport Mets batting - Pitching for Danville Braves : LHP Tyler Portier
Pitching: RHP Carlos Dominguez
Batting: LHB Miguel Ramos 0-0: Called Strike
0-1: Ground out U3 (Groundball, 3S, EV 63.1 MPH)
Batting: SHB Nick Daigle 0-0: Foul Ball, location: 2F
0-1: Swinging Strike
0-2: Strikes out swinging
Batting: LHB Matt Baker 0-0: Fly out, F8 (Line Drive, 78M, EV 93.1 MPH)
Bottom of the 8th over - 0 runs, 0 hits, 0 errors, 0 left on base; Danville 6 - Kingsport 4
TOP OF THE 9TH
Danville Braves batting - Pitching for Kingsport Mets : RHP Antonio Reyes
Pitching: LHP Matt Allert
Batting: RHB Gebre-Giorgios Wangondu 0-0: Fly out, F8 (Flyball, 8RD, EV 108.1 MPH)
Batting: LHB Tamaichi Sasada 0-0: Called Strike
0-1: Ball
1-1: Swinging Strike
1-2: Ball
2-2: Ball
3-2: Foul Ball, location: 2F
3-2: Foul Ball, location: 2F
3-2: Strikes out swinging
Batting: LHB Art D'Ascenzo 0-0: Ball
1-0: Foul Ball, location: 2F
1-1: Ball
2-1: Foul Ball, location: 2F
2-2: Foul Ball, location: 2F
2-2: Foul Ball, location: 2F
2-2: Foul Ball, location: 2F
2-2: Ball
3-2: Base on Balls
Batting: RHB Dave Pizarro 0-0: Ball
1-0: Ball
Passed Ball!
Art D'Ascenzo to second
2-0: Foul Ball, location: 2F
2-1: Foul Ball, location: 2F
2-2: Strikes out looking
Top of the 9th over - 0 runs, 0 hits, 0 errors, 1 left on base; Danville 6 - Kingsport 4
BOTTOM OF THE 9TH
Kingsport Mets batting - Pitching for Danville Braves : RHP Carlos Dominguez
Pitching: RHP Jimmy Loudner
Now at 1B: Nick Holsinger
Batting: RHB Chris Graham 0-0: Ball
1-0: Foul Ball, location: 2F
1-1: Ball
2-1: Fly out, F7 (Flyball, 7S, EV 85.6 MPH)
Batting: RHB Danny Runberg 0-0: Ball
1-0: Called Strike
1-1: Foul Ball, location: 2F
1-2: Foul Ball, location: 2F
1-2: Strikes out looking
Batting: LHB Jeremy Moorehead 0-0: Called Strike
0-1: Foul Ball, location: 2F
0-2: Ball
1-2: Strikes out swinging
Bottom of the 9th over - 0 runs, 0 hits, 0 errors, 0 left on base; Danville 6 - Kingsport 4
Tuesday, September 13th , 2022 - OOTP Baseball 23.7 Build 88